Panthers vs Blues
Created - November 29, 2018 at 20:38
Goals
|
| Panthers |
1 |
0 |
2 |
3 |
| Blues |
0 |
1 |
1 |
2 |
|
Shots
|
| Panthers |
15 |
8 |
10 |
33 |
| Blues |
1 |
16 |
14 |
31 |
|
1st period
1. Panthers , Tomas Kopecky 9 (Brayden Schenn 9, Kyle Clifford 12) at 8:13
Penalties :
Travis Zajac (STL) for Hooking (Minor) at 2:21, Ted Purcell (STL) for Slashing (Minor) at 16:42
2nd period
2. Blues , Sergei Shirokov 7 (Jake Gardiner 10) at 15:51
Penalties :
Erik Gudbranson (Flo) for Hooking (Minor) at 6:24, Bryce Lampman (STL) for High sticking (Minor) at 16:06
3rd period
3. Panthers , Alexander Perezhogin 6 (Jonathan Matsumoto 5, Daniel Sedin 3) at 11:12
4. Panthers , Patrick Eaves 3 (Brayden Schenn 10, Kyle Clifford 13) at 15:26
5. Blues , Jake Gardiner 3 (David Perron 9, Carey Price) at 18:31 (PP)
Penalties :
Tomas Kopecky (Flo) for Hooking (Minor) at 6:17, Jonathan Sigalet (Flo) for Hooking (Minor) at 18:15, Kyle Clifford (Flo) for Hooking (Minor) at 19:10
Goalie Stats
Antti Niemi (Flo), 29 saves from 31 shots - (0.935), W, 5-6-5, 60:00 minutes
Carey Price (STL), 30 saves from 33 shots - (0.909), L, 7-8-0, 59:06 minutes
Players Stats for Panthers
Player Name G A P +/- PIM S H SB GA TA FO MP PP MP PK MP
------------------------------------------------------------------------------------
Alex Galchenyuk 0 0 0 -1 0 3 1 1 1 1 0/0 15:48 2:39 0:53
Alexander Perezhogin 1 0 1 1 0 2 1 0 0 0 0/0 9:50 0:00 1:01
Brayden Schenn 0 2 2 1 0 0 2 0 0 0 8/31 19:25 3:18 0:00
Daniel Sedin 0 1 1 1 0 2 0 0 0 1 0/0 8:20 0:00 0:00
Drew Stafford 0 0 0 -1 0 1 2 1 0 0 0/0 18:26 2:39 3:01
Eric Wellwood 0 0 0 1 0 1 1 0 0 0 0/0 11:35 0:00 0:00
Erik Christensen 0 0 0 -1 0 4 2 0 0 1 11/17 18:09 2:39 3:01
Erik Gudbranson 0 0 0 1 2 2 2 0 1 1 0/0 26:38 3:25 2:00
Jean-Gabriel Pageau 0 0 0 1 0 3 3 0 0 0 4/8 12:44 0:00 1:09
Jonathan Matsumoto 0 1 1 1 0 2 0 0 1 1 6/6 8:20 0:00 0:00
Jonathan Sigalet 0 0 0 1 2 0 1 2 1 2 0/0 21:56 2:32 2:21
Kyle Clifford 0 2 2 1 2 1 2 0 1 0 0/2 20:25 3:18 1:01
Matthew Spiller 0 0 0 1 0 1 1 1 0 1 0/0 27:39 3:25 3:01
Mike Komisarek 0 0 0 1 0 1 1 3 1 1 0/0 21:02 2:32 2:02
Mike Weber 0 0 0 0 0 1 0 2 0 0 0/0 11:15 0:00 0:00
Patrick Eaves 1 0 1 1 0 3 1 0 1 0 0/0 11:35 0:00 0:00
Radko Gudas 0 0 0 0 0 0 1 0 2 0 0/0 11:57 0:00 0:42
Tomas Kopecky 1 0 1 1 2 6 0 0 0 0 1/1 19:49 3:18 0:00
Players Stats for Blues
Player Name G A P +/- PIM S H SB GA TA FO MP PP MP PK MP
------------------------------------------------------------------------------------
Alex Pietrangelo 0 0 0 0 0 5 4 2 1 2 0/0 26:09 3:01 3:13
Bryce Lampman 0 0 0 1 2 2 1 3 0 0 0/0 22:43 2:02 2:03
Cody Ceci 0 0 0 -3 0 0 1 3 0 0 0/0 12:36 0:00 1:10
David Perron 0 1 1 0 0 2 1 0 1 1 2/2 21:14 2:50 1:42
Drew Shore 0 0 0 0 0 1 1 0 1 1 0/5 8:48 0:03 1:23
Filip Forsberg 0 0 0 0 0 0 0 0 0 0 1/1 14:48 2:13 0:00
George Parros 0 0 0 0 0 0 1 0 0 1 0/0 7:07 0:00 0:00
Jake Gardiner 1 1 2 0 0 1 1 0 0 2 0/0 27:33 3:01 2:44
Jason Pominville 0 0 0 0 0 1 3 1 0 0 1/2 19:23 2:47 0:00
Linus Omark 0 0 0 0 0 2 0 0 0 0 0/0 7:07 0:00 0:00
Nick Leddy 0 0 0 -3 0 0 0 0 1 0 0/0 12:53 2:02 0:00
Nicklas Backstrom 0 0 0 0 0 2 2 0 0 1 24/33 22:14 2:50 2:00
Patrick Kaleta 0 0 0 -2 0 1 1 0 3 0 0/0 15:02 0:00 3:09
Sergei Shirokov 1 0 1 0 0 5 0 1 2 0 0/0 14:48 2:13 0:00
Ted Purcell 0 0 0 -2 2 1 1 0 0 0 0/1 13:46 0:00 1:06
Tomas Plekanec 0 0 0 -2 0 2 2 0 0 0 2/8 12:02 0:00 0:09
Travis Zajac 0 0 0 0 2 5 0 0 0 1 5/13 16:59 2:13 2:25
Yann Sauvé 0 0 0 1 0 1 0 2 0 0 0/0 18:48 0:00 2:44
3 Stars
1 - Brayden Schenn (Flo)
2 - Jake Gardiner (STL)
3 - Patrick Eaves (Flo)
Power Play
Panthers - 0 on 3 Attempt(s) - 0.00%
Blues - 1 on 4 Attempt(s) - 25.00%
Penalty Kill
Panthers - 3 on 4 Attempt(s) - 75.00%
- Score 0 goal in Penalty Kill
Blues - 3 on 3 Attempt(s) - 100.00%
- Score 0 goal in Penalty Kill
Team Stat
Panthers - Hits : 21 - Faceoff Wins : 30 - Blocked Shots : 10 - Penalty Minutes : 8
Blues - Hits : 19 - Faceoff Wins : 35 - Blocked Shots : 12 - Penalty Minutes : 6
Official
Referees : Unknown
Linesman : Unknown
Game Notes
No Game Note
Finance
Level 1 -- Attendance: 5155 (85.92%) -- Ticket Income $458,795
Level 2 -- Attendance: 4890 (97.80%) -- Ticket Income $278,730
Level 3 -- Attendance: 1951 (97.55%) -- Ticket Income $68,285
Level 4 -- Attendance: 4000 (100.00%) -- Ticket Income $96,000
Luxury Box -- Attendance: 673 (67.30%) -- Ticket Income $117,102
Game was played at the Scotttrade center.
Total Attendance: 16669 (92.61%)
Total Ticket Income: $1,018,912
Other Income: $152,837
Total Income: $1,171,749
Panthers
5 vs 5 Forward
Center Left Wing Right Wing Time % Phy DF OF
1 Brayden Schenn Kyle Clifford Tomas Kopecky 40 1 2 2
2 Erik Christensen Alex Galchenyuk Drew Stafford 30 1 2 2
3 Jean-Gabriel Pageau Eric Wellwood Patrick Eaves 20 1 2 2
4 Jonathan Matsumoto Daniel Sedin Alexander Perezhogin 10 1 2 2
5 vs 5 Defense
Defense Defense Time % Phy DF OF
1 Erik Gudbranson Matthew Spiller 40 1 2 2
2 Jonathan Sigalet Mike Komisarek 30 1 2 2
3 Mike Weber Radko Gudas 20 1 2 2
4 Erik Gudbranson Matthew Spiller 10 1 2 2
PowerPlay Forward
Center Left Wing Right Wing Time % Phy DF OF
1 Brayden Schenn Kyle Clifford Tomas Kopecky 60 1 2 2
2 Erik Christensen Alex Galchenyuk Drew Stafford 40 1 2 2
PowerPlay Defense
Defense Defense Time % Phy DF OF
1 Erik Gudbranson Matthew Spiller 60 1 2 2
2 Jonathan Sigalet Mike Komisarek 40 1 2 2
Penalty Kill 4 Players Forward
Center Wing Time % Phy DF OF
1 Erik Christensen Drew Stafford 60 1 2 2
2 Jean-Gabriel Pageau Kyle Clifford 40 1 2 2
Penalty Kill 4 Players Defense
Defense Defense Time % Phy DF OF
1 Erik Gudbranson Matthew Spiller 60 1 2 2
2 Jonathan Sigalet Mike Komisarek 40 1 2 2
Penalty Kill - 3 Players Forward
Forward Time % Phy DF OF
1 Erik Christensen 60 1 2 2
2 Drew Stafford 40 1 2 2
Penalty Kill - 3 Players Defense
Defense Defense Time % Phy DF OF
1 Erik Gudbranson Matthew Spiller 60 1 2 2
2 Jonathan Sigalet Mike Komisarek 40 1 2 2
4 vs 4 Forward
Center Wing Time % Phy DF OF
1 Brayden Schenn Kyle Clifford 60 1 2 2
2 Erik Christensen Alex Galchenyuk 40 1 2 2
4 vs 4 Defense
Defense Defense Time % Phy DF OF
1 Erik Gudbranson Matthew Spiller 60 1 2 2
2 Jonathan Sigalet Mike Komisarek 40 1 2 2
Last Minutes Offensive
Center Left Wing Right Wing Defense Defense
Brayden Schenn Kyle Clifford Drew Stafford Erik Gudbranson Jonathan Sigalet
Last Minutes Defensive
Center Left Wing Right Wing Defense Defense
Brayden Schenn Kyle Clifford Drew Stafford Erik Gudbranson Jonathan Sigalet
Goaltenders
Starting : Antti Niemi
Backup : Petr Mrazek
Extra Forwards
Normal : Jean-Gabriel Pageau, Brayden Schenn, Alex Galchenyuk - PP : Eric Wellwood, Kyle Clifford - PK : Alexander Perezhogin
Extra Defensemen
Normal : Jonathan Sigalet, Erik Gudbranson, Radko Gudas - PP : Mike Weber - PK : Jonathan Sigalet, Erik Gudbranson
Penalty Shots
Alex Galchenyuk, Daniel Sedin, Drew Stafford, Erik Christensen, Kyle Clifford
Scratches
Nigel Dawes (Healthy), William Colbert (Healthy)
Blues
5 vs 5 Forward
Center Left Wing Right Wing Time % Phy DF OF
1 Nicklas Backstrom David Perron Jason Pominville 40 1 2 2
2 Travis Zajac Filip Forsberg Sergei Shirokov 30 1 2 2
3 Tomas Plekanec Ted Purcell Patrick Kaleta 20 1 2 2
4 Drew Shore Linus Omark George Parros 10 1 2 2
5 vs 5 Defense
Defense Defense Time % Phy DF OF
1 Alex Pietrangelo Jake Gardiner 40 1 2 2
2 Bryce Lampman Yann Sauvé 30 1 2 2
3 Nick Leddy Cody Ceci 20 1 2 2
4 Jake Gardiner Bryce Lampman 10 1 2 2
PowerPlay Forward
Center Left Wing Right Wing Time % Phy DF OF
1 Nicklas Backstrom David Perron Jason Pominville 60 1 2 2
2 Travis Zajac Filip Forsberg Sergei Shirokov 40 1 2 2
PowerPlay Defense
Defense Defense Time % Phy DF OF
1 Alex Pietrangelo Jake Gardiner 60 1 2 2
2 Nick Leddy Bryce Lampman 40 1 2 2
Penalty Kill 4 Players Forward
Center Wing Time % Phy DF OF
1 Travis Zajac Patrick Kaleta 60 1 2 2
2 Nicklas Backstrom Ted Purcell 40 1 2 2
Penalty Kill 4 Players Defense
Defense Defense Time % Phy DF OF
1 Alex Pietrangelo Bryce Lampman 60 1 2 2
2 Jake Gardiner Yann Sauvé 40 1 2 2
Penalty Kill - 3 Players Forward
Forward Time % Phy DF OF
1 Travis Zajac 60 1 2 2
2 Ted Purcell 40 1 2 2
Penalty Kill - 3 Players Defense
Defense Defense Time % Phy DF OF
1 Alex Pietrangelo Bryce Lampman 60 1 2 2
2 Jake Gardiner Yann Sauvé 40 1 2 2
4 vs 4 Forward
Center Wing Time % Phy DF OF
1 Nicklas Backstrom David Perron 60 1 2 2
2 Travis Zajac Jason Pominville 40 1 2 2
4 vs 4 Defense
Defense Defense Time % Phy DF OF
1 Alex Pietrangelo Bryce Lampman 60 1 2 2
2 Jake Gardiner Yann Sauvé 40 1 2 2
Last Minutes Offensive
Center Left Wing Right Wing Defense Defense
Nicklas Backstrom David Perron Jason Pominville Alex Pietrangelo Jake Gardiner
Last Minutes Defensive
Center Left Wing Right Wing Defense Defense
Travis Zajac Ted Purcell Patrick Kaleta Alex Pietrangelo Bryce Lampman
Goaltenders
Starting : Carey Price
Backup : Ray Emery
Extra Forwards
Normal : Drew Shore, George Parros, Patrick Kaleta - PP : Drew Shore, George Parros - PK : Patrick Kaleta
Extra Defensemen
Normal : Nick Leddy, Cody Ceci, Jake Gardiner - PP : Nick Leddy - PK : Cody Ceci, Jake Gardiner
Penalty Shots
David Perron, Ted Purcell, Nicklas Backstrom, Travis Zajac, Linus Omark
Scratches
Logan Couture (Right Leg Injury)
% Time on Ice - Panthers
Lines # - Real PCT - Wanted PCT - Time Play
Normal Forward
1 - 35% - 40% - 17:01
2 - 24% - 30% - 11:47
3 - 24% - 20% - 11:35
4 - 17% - 10% - 8:20
Normal Defense
1 - 39% - 40% - 18:52
2 - 33% - 30% - 15:52
3 - 23% - 20% - 11:15
4 - 6% - 10% - 2:44
PP Forward
1 - 55% - 60% - 3:18
2 - 45% - 40% - 2:39
PP Defense
1 - 57% - 60% - 3:25
2 - 43% - 40% - 2:32
PK Forward
1 - 77% - 60% - 3:54
2 - 23% - 40% - 1:09
PK Defense
1 - 74% - 60% - 3:43
2 - 26% - 40% - 1:20
PK3 Forward
1 - 0% - 60%
2 - 0% - 40%
PK3 Defense
1 - 0% - 60%
2 - 0% - 40%
44 Forward
1 - 0% - 60%
2 - 0% - 40%
44 Defense
1 - 0% - 60%
2 - 0% - 40%
Last Minute Offensive - 0:00
Last Minute Defensive - 0:17
Total
Forward - 60:00
Defense - 60:00
|
% Time on Ice - Blues
Lines # - Real PCT - Wanted PCT - Time Play
Normal Forward
1 - 34% - 40% - 16:23
2 - 27% - 30% - 13:23
3 - 24% - 20% - 11:53
4 - 15% - 10% - 7:07
Normal Defense
1 - 40% - 40% - 19:41
2 - 33% - 30% - 16:18
3 - 21% - 20% - 10:28
4 - 5% - 10% - 2:19
PP Forward
1 - 56% - 60% - 2:50
2 - 44% - 40% - 2:13
PP Defense
1 - 60% - 60% - 3:01
2 - 40% - 40% - 2:02
PK Forward
1 - 71% - 60% - 4:15
2 - 29% - 40% - 1:42
PK Defense
1 - 54% - 60% - 3:13
2 - 46% - 40% - 2:44
PK3 Forward
1 - 0% - 60%
2 - 0% - 40%
PK3 Defense
1 - 0% - 60%
2 - 0% - 40%
44 Forward
1 - 0% - 60%
2 - 0% - 40%
44 Defense
1 - 0% - 60%
2 - 0% - 40%
Last Minute Offensive - 0:14
Last Minute Defensive - 0:00
Total
Forward - 60:00
Defense - 60:00
|
Play by Play
1st period
0:01 of 1st period - Nicklas Backstrom wins face-off versus Brayden Schenn in neutral zone.
0:04 of 1st period - Brayden Schenn is hit by Nicklas Backstrom and loses puck.
0:27 of 1st period - Jake Gardiner is hit by Erik Gudbranson and loses puck.
0:38 of 1st period - Wrist shot by Alex Galchenyuk.
0:38 of 1st period - Shot Misses the Net.
1:11 of 1st period - Icing by Jean-Gabriel Pageau.
1:12 of 1st period - Jonathan Matsumoto wins face-off versus Drew Shore in Panthers zone.
1:41 of 1st period - Snap shot by Brayden Schenn.
1:41 of 1st period - Deflect By Tomas Kopecky.
1:41 of 1st period - Stopped by Carey Price with a rebound.
1:59 of 1st period - Snap shot by Drew Stafford.
1:59 of 1st period - Deflect By Erik Christensen.
1:59 of 1st period - Shot Blocked by Cody Ceci.
1:59 of 1st period - Puck is out of play.
2:00 of 1st period - Erik Christensen wins face-off versus Travis Zajac in Blues zone.
2:11 of 1st period - Snap shot by Erik Christensen.
2:11 of 1st period - Stopped by Carey Price with a rebound.
2:21 of 1st period - Minor Penalty to Travis Zajac for Hooking.
2:22 of 1st period - Brayden Schenn wins face-off versus Drew Shore in Blues zone.
2:29 of 1st period - Erik Gudbranson is hit by Bryce Lampman and loses puck.
2:48 of 1st period - Bryce Lampman is hit by Matthew Spiller and loses puck.
4:21 of 1st period - Penalty to Travis Zajac is over, Travis Zajac is back on ice.
4:30 of 1st period - Wrist shot by Patrick Eaves.
4:30 of 1st period - Shot Blocked by Sergei Shirokov.
4:36 of 1st period - Snap shot by Jean-Gabriel Pageau.
4:36 of 1st period - Shot Misses the Net.
4:38 of 1st period - Slapshot by Radko Gudas.
4:38 of 1st period - Shot Misses the Net.
4:48 of 1st period - Jonathan Matsumoto is hit by Jason Pominville and loses puck.
5:40 of 1st period - Alex Galchenyuk is hit by Tomas Plekanec and loses puck.
6:43 of 1st period - Jonathan Sigalet is hit by Nicklas Backstrom and loses puck.
7:38 of 1st period - Slapshot by Jean-Gabriel Pageau.
7:38 of 1st period - Stopped by Carey Price without a rebound.
7:39 of 1st period - Nicklas Backstrom wins face-off versus Jean-Gabriel Pageau in Blues zone.
8:04 of 1st period - Patrick Kaleta is hit by Brayden Schenn and loses puck.
8:13 of 1st period - Wrist shot by Tomas Kopecky.
8:13 of 1st period - Goal by Tomas Kopecky - Panthers : 1 - Blues : 0.
8:14 of 1st period - Nicklas Backstrom wins face-off versus Brayden Schenn in neutral zone.
8:46 of 1st period - Slapshot by Erik Christensen.
8:46 of 1st period - Shot Blocked by Bryce Lampman.
8:48 of 1st period - Snap shot by Alex Galchenyuk.
8:48 of 1st period - Shot Misses the Net.
8:50 of 1st period - Slapshot by Alex Galchenyuk.
8:50 of 1st period - Shot Misses the Net.
8:52 of 1st period - Slapshot by Alex Galchenyuk.
8:52 of 1st period - Shot Misses the Net.
8:54 of 1st period - Wrist shot by Erik Christensen.
8:54 of 1st period - Shot Misses the Net.
9:04 of 1st period - Snap shot by Daniel Sedin.
9:04 of 1st period - Stopped by Carey Price with a rebound.
9:32 of 1st period - Snap shot by Patrick Eaves.
9:32 of 1st period - Stopped by Carey Price with a rebound.
10:30 of 1st period - Snap shot by Ted Purcell.
10:30 of 1st period - Stopped by Antti Niemi without a rebound.
10:31 of 1st period - Jonathan Matsumoto wins face-off versus Drew Shore in Panthers zone.
10:57 of 1st period - Nicklas Backstrom is hit by Radko Gudas and loses puck.
11:26 of 1st period - Snap shot by Erik Christensen.
11:26 of 1st period - Shot Blocked by Cody Ceci.
13:10 of 1st period - Snap shot by Patrick Eaves.
13:10 of 1st period - Shot Blocked by Yann Sauvé.
13:12 of 1st period - Wrist shot by Eric Wellwood.
13:12 of 1st period - Shot Blocked by Bryce Lampman.
13:14 of 1st period - Slapshot by Jonathan Sigalet.
13:14 of 1st period - Shot Blocked by Bryce Lampman.
13:16 of 1st period - Slapshot by Mike Komisarek.
13:16 of 1st period - Stopped by Carey Price without a rebound.
13:17 of 1st period - Tomas Plekanec wins face-off versus Brayden Schenn in Blues zone.
13:28 of 1st period - Wrist shot by Tomas Kopecky.
13:28 of 1st period - Stopped by Carey Price without a rebound.
13:29 of 1st period - Brayden Schenn wins face-off versus Travis Zajac in Blues zone.
14:05 of 1st period - Backhand shot by Nicklas Backstrom.
14:05 of 1st period - Shot Blocked by Matthew Spiller.
14:19 of 1st period - Slapshot by Erik Gudbranson.
14:19 of 1st period - Stopped by Carey Price without a rebound.
14:20 of 1st period - Tomas Plekanec wins face-off versus Erik Christensen in Blues zone.
14:20 of 1st period - Tomas Plekanec is hit by Alex Galchenyuk.
14:47 of 1st period - Snap shot by Drew Stafford.
14:47 of 1st period - Stopped by Carey Price without a rebound.
14:48 of 1st period - David Perron wins face-off versus Brayden Schenn in Blues zone.
15:05 of 1st period - David Perron is hit by Kyle Clifford and loses puck.
15:26 of 1st period - Wrist shot by Jean-Gabriel Pageau.
15:26 of 1st period - Stopped by Carey Price without a rebound.
15:27 of 1st period - Erik Christensen wins face-off versus Tomas Plekanec in Blues zone.
15:30 of 1st period - Wrist shot by Erik Christensen.
15:30 of 1st period - Stopped by Carey Price without a rebound.
15:31 of 1st period - Erik Christensen wins face-off versus Tomas Plekanec in Blues zone.
15:38 of 1st period - Snap shot by Alex Galchenyuk.
15:38 of 1st period - Stopped by Carey Price without a rebound.
15:39 of 1st period - David Perron wins face-off versus Brayden Schenn in Blues zone.
16:19 of 1st period - Snap shot by Erik Christensen.
16:19 of 1st period - Stopped by Carey Price with a rebound.
16:29 of 1st period - Wrist shot by Daniel Sedin.
16:29 of 1st period - Stopped by Carey Price with a rebound.
16:31 of 1st period - Snap shot by Jonathan Matsumoto.
16:31 of 1st period - Shot Misses the Net.
16:42 of 1st period - Minor Penalty to Ted Purcell for Slashing.
16:43 of 1st period - Brayden Schenn wins face-off versus Travis Zajac in Blues zone.
17:30 of 1st period - Icing by Mike Komisarek.
17:31 of 1st period - Brayden Schenn wins face-off versus Travis Zajac in Panthers zone.
18:42 of 1st period - Penalty to Ted Purcell is over, Ted Purcell is back on ice.
18:52 of 1st period - Cody Ceci is hit by Jean-Gabriel Pageau.
19:00 of 1st period - Snap shot by Nick Leddy.
19:00 of 1st period - Shot Misses the Net.
19:18 of 1st period - Bryce Lampman is hit by Drew Stafford and loses puck.
19:50 of 1st period - Cody Ceci is hit by Eric Wellwood and loses puck.
Goals for this period are 1 for Panthers vs 0 for Blues.
Shots for this period are 15 for Panthers vs 1 for Blues.
2nd period
0:01 of 2nd period - Nicklas Backstrom wins face-off versus Brayden Schenn in neutral zone.
0:26 of 2nd period - Filip Forsberg is hit by Erik Christensen and loses puck.
0:57 of 2nd period - Bryce Lampman is hit by Jean-Gabriel Pageau and loses puck.
1:16 of 2nd period - Snap shot by Kyle Clifford.
1:16 of 2nd period - Deflect By Tomas Kopecky.
1:16 of 2nd period - Shot Misses the Net.
1:16 of 2nd period - Puck is out of play.
1:17 of 2nd period - Nicklas Backstrom wins face-off versus Brayden Schenn in Blues zone.
1:24 of 2nd period - Slapshot by Alex Pietrangelo.
1:24 of 2nd period - Shot Blocked by Jonathan Sigalet.
1:26 of 2nd period - Slapshot by Jake Gardiner.
1:26 of 2nd period - Shot Blocked by Jonathan Sigalet.
1:28 of 2nd period - Slapshot by Jake Gardiner.
1:28 of 2nd period - Deflect By David Perron.
1:28 of 2nd period - Shot Misses the Net.
1:28 of 2nd period - Puck is out of play.
1:29 of 2nd period - Brayden Schenn wins face-off versus Nicklas Backstrom in Panthers zone.
1:29 of 2nd period - Brayden Schenn is hit by Jason Pominville.
2:03 of 2nd period - Wrist shot by Ted Purcell.
2:03 of 2nd period - Shot Blocked by Mike Komisarek.
3:03 of 2nd period - Wrist shot by Drew Shore.
3:03 of 2nd period - Stopped by Antti Niemi with a rebound.
3:13 of 2nd period - Wrist shot by Jean-Gabriel Pageau.
3:13 of 2nd period - Stopped by Carey Price without a rebound.
3:14 of 2nd period - Travis Zajac wins face-off versus Erik Christensen in Blues zone.
3:14 of 2nd period - Travis Zajac is hit by Erik Christensen.
3:54 of 2nd period - Wrist shot by Nicklas Backstrom.
3:54 of 2nd period - Stopped by Antti Niemi with a rebound.
4:06 of 2nd period - Ted Purcell is hit by Patrick Eaves and loses puck.
4:20 of 2nd period - Icing by Jonathan Sigalet.
4:21 of 2nd period - Jonathan Matsumoto wins face-off versus Drew Shore in Panthers zone.
4:50 of 2nd period - Slapshot by Daniel Sedin.
4:50 of 2nd period - Shot Blocked by Jason Pominville.
4:52 of 2nd period - Slapshot by Matthew Spiller.
4:52 of 2nd period - Stopped by Carey Price with a rebound.
5:36 of 2nd period - Off-side.
5:37 of 2nd period - Jean-Gabriel Pageau wins face-off versus Tomas Plekanec in neutral zone.
5:40 of 2nd period - Snap shot by Patrick Eaves.
5:40 of 2nd period - Shot Misses the Net.
5:42 of 2nd period - Slapshot by Mike Weber.
5:42 of 2nd period - Stopped by Carey Price with a rebound.
5:44 of 2nd period - Snap shot by Eric Wellwood.
5:44 of 2nd period - Shot Misses the Net.
5:46 of 2nd period - Slapshot by Jean-Gabriel Pageau.
5:46 of 2nd period - Shot Misses the Net.
5:48 of 2nd period - Snap shot by Patrick Eaves.
5:48 of 2nd period - Shot Blocked by Alex Pietrangelo.
5:50 of 2nd period - Wrist shot by Patrick Eaves.
5:50 of 2nd period - Stopped by Carey Price without a rebound.
5:51 of 2nd period - Nicklas Backstrom wins face-off versus Kyle Clifford in Blues zone.
5:56 of 2nd period - Slapshot by Alex Pietrangelo.
5:56 of 2nd period - Stopped by Antti Niemi without a rebound.
5:57 of 2nd period - Nicklas Backstrom wins face-off versus Brayden Schenn in Panthers zone.
6:00 of 2nd period - Snap shot by David Perron.
6:00 of 2nd period - Stopped by Antti Niemi with a rebound.
6:12 of 2nd period - Snap shot by Kyle Clifford.
6:12 of 2nd period - Stopped by Carey Price without a rebound.
6:13 of 2nd period - Erik Christensen wins face-off versus Travis Zajac in Blues zone.
6:21 of 2nd period - Icing by Jake Gardiner.
6:22 of 2nd period - Erik Christensen wins face-off versus Travis Zajac in Blues zone.
6:24 of 2nd period - Minor Penalty to Erik Gudbranson for Hooking.
6:25 of 2nd period - Nicklas Backstrom wins face-off versus Erik Christensen in Panthers zone.
6:25 of 2nd period - Wrist shot by Alex Pietrangelo.
6:25 of 2nd period - Stopped by Antti Niemi without a rebound.
6:26 of 2nd period - Erik Christensen wins face-off versus Nicklas Backstrom in Panthers zone.
7:01 of 2nd period - Wrist shot by Alex Pietrangelo.
7:01 of 2nd period - Deflect By Sergei Shirokov.
7:01 of 2nd period - Stopped by Antti Niemi with a rebound.
7:05 of 2nd period - Slapshot by Alex Pietrangelo.
7:05 of 2nd period - Deflect By Erik Christensen.
7:05 of 2nd period - Stopped by Antti Niemi with a rebound.
7:20 of 2nd period - Icing by Bryce Lampman.
7:21 of 2nd period - Nicklas Backstrom wins face-off versus Jean-Gabriel Pageau in Blues zone.
8:24 of 2nd period - Penalty to Erik Gudbranson is over, Erik Gudbranson is back on ice.
8:33 of 2nd period - Drew Shore is hit by Erik Gudbranson and loses puck.
9:06 of 2nd period - Wrist shot by Patrick Kaleta.
9:06 of 2nd period - Shot Misses the Net.
10:02 of 2nd period - Ted Purcell is hit by Alexander Perezhogin and loses puck.
10:54 of 2nd period - Slapshot by Linus Omark.
10:54 of 2nd period - Stopped by Antti Niemi without a rebound.
10:55 of 2nd period - Jonathan Matsumoto wins face-off versus Jason Pominville in Panthers zone.
11:00 of 2nd period - Snap shot by Radko Gudas.
11:00 of 2nd period - Shot Blocked by Cody Ceci.
11:27 of 2nd period - Jake Gardiner is hit by Brayden Schenn and loses puck.
11:44 of 2nd period - Alex Galchenyuk is hit by Patrick Kaleta and loses puck.
11:53 of 2nd period - Slapshot by Tomas Plekanec.
11:53 of 2nd period - Stopped by Antti Niemi with a rebound.
13:12 of 2nd period - Slapshot by Yann Sauvé.
13:12 of 2nd period - Shot Blocked by Alex Galchenyuk.
13:27 of 2nd period - Icing by Erik Christensen.
13:28 of 2nd period - Erik Christensen wins face-off versus Nicklas Backstrom in Panthers zone.
13:28 of 2nd period - Erik Christensen is hit by Alex Pietrangelo.
13:37 of 2nd period - Off-side.
13:38 of 2nd period - Nicklas Backstrom wins face-off versus Brayden Schenn in neutral zone.
13:47 of 2nd period - Slapshot by Nicklas Backstrom.
13:47 of 2nd period - Stopped by Antti Niemi without a rebound.
13:48 of 2nd period - Brayden Schenn wins face-off versus Nicklas Backstrom in Panthers zone.
13:48 of 2nd period - Brayden Schenn is hit by David Perron.
14:27 of 2nd period - Slapshot by Alex Pietrangelo.
14:27 of 2nd period - Stopped by Antti Niemi with a rebound.
14:43 of 2nd period - Wrist shot by George Parros.
14:43 of 2nd period - Shot Misses the Net.
14:45 of 2nd period - Wrist shot by Linus Omark.
14:45 of 2nd period - Stopped by Antti Niemi without a rebound.
14:46 of 2nd period - Nicklas Backstrom wins face-off versus Brayden Schenn in Panthers zone.
14:47 of 2nd period - Wrist shot by David Perron.
14:47 of 2nd period - Stopped by Antti Niemi with a rebound.
15:01 of 2nd period - Wrist shot by Tomas Kopecky.
15:01 of 2nd period - Deflect By Jason Pominville.
15:01 of 2nd period - Stopped by Carey Price without a rebound.
15:02 of 2nd period - Erik Christensen wins face-off versus Travis Zajac in Blues zone.
15:17 of 2nd period - Slapshot by Travis Zajac.
15:17 of 2nd period - Deflect By Sergei Shirokov.
15:17 of 2nd period - Shot Misses the Net.
15:17 of 2nd period - Puck is out of play.
15:18 of 2nd period - Nicklas Backstrom wins face-off versus Brayden Schenn in Panthers zone.
15:34 of 2nd period - Wrist shot by Tomas Kopecky.
15:34 of 2nd period - Stopped by Carey Price with a rebound.
15:44 of 2nd period - Matthew Spiller is hit by Jake Gardiner and loses puck.
15:49 of 2nd period - Snap shot by Sergei Shirokov.
15:49 of 2nd period - Shot Misses the Net.
15:51 of 2nd period - Wrist shot by Sergei Shirokov.
15:51 of 2nd period - Goal by Sergei Shirokov - Panthers : 1 - Blues : 1.
15:52 of 2nd period - Nicklas Backstrom wins face-off versus Brayden Schenn in neutral zone.
16:06 of 2nd period - Minor Penalty to Bryce Lampman for High sticking.
16:07 of 2nd period - Travis Zajac wins face-off versus Brayden Schenn in Blues zone.
16:19 of 2nd period - Slapshot by Kyle Clifford.
16:19 of 2nd period - Shot Blocked by Alex Pietrangelo.
16:45 of 2nd period - Slapshot by Erik Gudbranson.
16:45 of 2nd period - Stopped by Carey Price with a rebound.
17:20 of 2nd period - Cody Ceci is hit by Kyle Clifford.
18:06 of 2nd period - Penalty to Bryce Lampman is over, Bryce Lampman is back on ice.
18:10 of 2nd period - Jake Gardiner is hit by Jean-Gabriel Pageau and loses puck.
18:54 of 2nd period - Patrick Eaves is hit by Cody Ceci.
19:12 of 2nd period - Slapshot by Alex Pietrangelo.
19:12 of 2nd period - Stopped by Antti Niemi with a rebound.
19:14 of 2nd period - Snap shot by Travis Zajac.
19:14 of 2nd period - Stopped by Antti Niemi without a rebound.
19:15 of 2nd period - Jonathan Matsumoto wins face-off versus Drew Shore in Panthers zone.
Goals for this period are 0 for Panthers vs 1 for Blues.
Shots for this period are 8 for Panthers vs 16 for Blues.
3rd period
0:01 of 3rd period - Nicklas Backstrom wins face-off versus Brayden Schenn in neutral zone.
0:33 of 3rd period - Slapshot by Bryce Lampman.
0:33 of 3rd period - Stopped by Antti Niemi with a rebound.
0:47 of 3rd period - Snap shot by Erik Christensen.
0:47 of 3rd period - Stopped by Carey Price without a rebound.
0:48 of 3rd period - Jean-Gabriel Pageau wins face-off versus Ted Purcell in Blues zone.
0:58 of 3rd period - Off-side.
0:59 of 3rd period - Jason Pominville wins face-off versus Brayden Schenn in neutral zone.
1:02 of 3rd period - Brayden Schenn is hit by Jason Pominville and loses puck.
1:07 of 3rd period - Snap shot by Jason Pominville.
1:07 of 3rd period - Stopped by Antti Niemi without a rebound.
1:08 of 3rd period - Nicklas Backstrom wins face-off versus Kyle Clifford in Panthers zone.
1:42 of 3rd period - Icing by Brayden Schenn.
1:43 of 3rd period - Tomas Kopecky wins face-off versus Travis Zajac in Panthers zone.
1:50 of 3rd period - Wrist shot by Travis Zajac.
1:50 of 3rd period - Stopped by Antti Niemi without a rebound.
1:51 of 3rd period - Travis Zajac wins face-off versus Erik Christensen in Panthers zone.
1:58 of 3rd period - Snap shot by Erik Christensen.
1:58 of 3rd period - Shot Blocked by Yann Sauvé.
2:18 of 3rd period - Wrist shot by Sergei Shirokov.
2:18 of 3rd period - Stopped by Antti Niemi with a rebound.
2:54 of 3rd period - Off-side.
2:55 of 3rd period - Erik Christensen wins face-off versus Tomas Plekanec in neutral zone.
3:02 of 3rd period - Slapshot by Drew Stafford.
3:02 of 3rd period - Shot Misses the Net.
3:32 of 3rd period - Wrist shot by Alex Galchenyuk.
3:32 of 3rd period - Stopped by Carey Price without a rebound.
3:33 of 3rd period - Nicklas Backstrom wins face-off versus Brayden Schenn in Blues zone.
3:37 of 3rd period - Off-side.
3:38 of 3rd period - Nicklas Backstrom wins face-off versus Brayden Schenn in neutral zone.
4:53 of 3rd period - Wrist shot by Drew Shore.
4:53 of 3rd period - Shot Misses the Net.
5:40 of 3rd period - Snap shot by Alex Galchenyuk.
5:40 of 3rd period - Stopped by Carey Price without a rebound.
5:41 of 3rd period - Travis Zajac wins face-off versus Brayden Schenn in Blues zone.
5:50 of 3rd period - Snap shot by Travis Zajac.
5:50 of 3rd period - Stopped by Antti Niemi without a rebound.
5:51 of 3rd period - Travis Zajac wins face-off versus Brayden Schenn in Panthers zone.
5:52 of 3rd period - Wrist shot by Sergei Shirokov.
5:52 of 3rd period - Stopped by Antti Niemi with a rebound.
5:54 of 3rd period - Snap shot by Filip Forsberg.
5:54 of 3rd period - Deflect By Sergei Shirokov.
5:54 of 3rd period - Stopped by Antti Niemi without a rebound.
5:55 of 3rd period - Nicklas Backstrom wins face-off versus Brayden Schenn in Panthers zone.
6:17 of 3rd period - Minor Penalty to Tomas Kopecky for Hooking.
6:18 of 3rd period - Erik Christensen wins face-off versus Nicklas Backstrom in Panthers zone.
8:17 of 3rd period - Penalty to Tomas Kopecky is over, Tomas Kopecky is back on ice.
8:23 of 3rd period - Wrist shot by Tomas Kopecky.
8:23 of 3rd period - Stopped by Carey Price with a rebound.
8:29 of 3rd period - Tomas Kopecky is hit by Tomas Plekanec and loses puck.
9:04 of 3rd period - Wrist shot by Eric Wellwood.
9:04 of 3rd period - Stopped by Carey Price without a rebound.
9:05 of 3rd period - Jean-Gabriel Pageau wins face-off versus Tomas Plekanec in Blues zone.
9:39 of 3rd period - Snap shot by Jonathan Matsumoto.
9:39 of 3rd period - Stopped by Carey Price without a rebound.
9:40 of 3rd period - Nicklas Backstrom wins face-off versus Brayden Schenn in Blues zone.
9:45 of 3rd period - Snap shot by Nicklas Backstrom.
9:45 of 3rd period - Shot Misses the Net.
10:27 of 3rd period - Snap shot by Jonathan Matsumoto.
10:27 of 3rd period - Stopped by Carey Price without a rebound.
10:28 of 3rd period - Jonathan Matsumoto wins face-off versus Tomas Plekanec in Blues zone.
10:41 of 3rd period - Alexander Perezhogin is hit by Ted Purcell and loses puck.
11:12 of 3rd period - Snap shot by Alexander Perezhogin.
11:12 of 3rd period - Goal by Alexander Perezhogin - Panthers : 2 - Blues : 1.
11:13 of 3rd period - Nicklas Backstrom wins face-off versus Brayden Schenn in neutral zone.
12:03 of 3rd period - Alex Pietrangelo is hit by Mike Komisarek and loses puck.
12:23 of 3rd period - Off-side.
12:24 of 3rd period - Filip Forsberg wins face-off versus Brayden Schenn in neutral zone.
13:13 of 3rd period - Drew Stafford is hit by George Parros and loses puck.
13:24 of 3rd period - Radko Gudas is hit by Drew Shore and loses puck.
13:39 of 3rd period - Wrist shot by Travis Zajac.
13:39 of 3rd period - Stopped by Antti Niemi with a rebound.
13:41 of 3rd period - Wrist shot by Travis Zajac.
13:41 of 3rd period - Stopped by Antti Niemi with a rebound.
14:13 of 3rd period - Snap shot by Linus Omark.
14:13 of 3rd period - Shot Blocked by Mike Komisarek.
14:24 of 3rd period - Mike Komisarek is hit by Alex Pietrangelo and loses puck.
14:31 of 3rd period - Snap shot by Alexander Perezhogin.
14:31 of 3rd period - Stopped by Carey Price without a rebound.
14:32 of 3rd period - Brayden Schenn wins face-off versus Nicklas Backstrom in Blues zone.
14:59 of 3rd period - Brayden Schenn is hit by Alex Pietrangelo and loses puck.
15:26 of 3rd period - Slapshot by Patrick Eaves.
15:26 of 3rd period - Deflect By Cody Ceci.
15:26 of 3rd period - Goal by Patrick Eaves - Panthers : 3 - Blues : 1.
15:27 of 3rd period - Jean-Gabriel Pageau wins face-off versus Nicklas Backstrom in neutral zone.
15:46 of 3rd period - Jake Gardiner is hit by Jonathan Sigalet.
16:05 of 3rd period - Alex Pietrangelo is hit by Drew Stafford and loses puck.
17:55 of 3rd period - Slapshot by Yann Sauvé.
17:55 of 3rd period - Stopped by Antti Niemi with a rebound.
17:57 of 3rd period - Wrist shot by Tomas Plekanec.
17:57 of 3rd period - Shot Blocked by Mike Weber.
17:59 of 3rd period - Snap shot by Tomas Plekanec.
17:59 of 3rd period - Shot Misses the Net.
18:01 of 3rd period - Wrist shot by Ted Purcell.
18:01 of 3rd period - Deflect By Patrick Kaleta.
18:01 of 3rd period - Stopped by Antti Niemi with a rebound.
18:03 of 3rd period - Slapshot by Tomas Plekanec.
18:03 of 3rd period - Shot Blocked by Mike Weber.
18:05 of 3rd period - Slapshot by Bryce Lampman.
18:05 of 3rd period - Stopped by Antti Niemi with a rebound.
18:07 of 3rd period - Slapshot by Tomas Plekanec.
18:07 of 3rd period - Stopped by Antti Niemi without a rebound.
18:08 of 3rd period - Nicklas Backstrom wins face-off versus Jean-Gabriel Pageau in Panthers zone.
18:13 of 3rd period - Wrist shot by Jason Pominville.
18:13 of 3rd period - Shot Blocked by Mike Komisarek.
18:15 of 3rd period - Minor Penalty to Jonathan Sigalet for Hooking.
18:16 of 3rd period - Nicklas Backstrom wins face-off versus Erik Christensen in Panthers zone.
18:31 of 3rd period - Slapshot by Jake Gardiner.
18:31 of 3rd period - Goal by Jake Gardiner - Panthers : 3 - Blues : 2.
18:32 of 3rd period - Nicklas Backstrom wins face-off versus Jean-Gabriel Pageau in neutral zone.
19:06 of 3rd period - Blues, Carey Price is pulled from the net.
19:06 of 3rd period - Slapshot by Jake Gardiner.
19:06 of 3rd period - Deflect By Nicklas Backstrom.
19:06 of 3rd period - Shot Blocked by Drew Stafford.
19:06 of 3rd period - Puck is out of play.
19:07 of 3rd period - Claude Julien call a timeout for Blues.
19:07 of 3rd period - Brayden Schenn wins face-off versus Nicklas Backstrom in Panthers zone.
19:07 of 3rd period - Brayden Schenn is hit by Alex Pietrangelo.
19:10 of 3rd period - Minor Penalty to Kyle Clifford for Hooking.
19:11 of 3rd period - Nicklas Backstrom wins face-off versus Erik Christensen in Panthers zone.
19:15 of 3rd period - Snap shot by Nicklas Backstrom.
19:15 of 3rd period - Deflect By Erik Christensen.
19:15 of 3rd period - Shot Misses the Net.
19:15 of 3rd period - Puck is out of play.
19:16 of 3rd period - Erik Christensen wins face-off versus Nicklas Backstrom in Panthers zone.
Goals for this period are 2 for Panthers vs 1 for Blues.
Shots for this period are 10 for Panthers vs 14 for Blues.
Back to the Top